 Dungeon Crawl Stone Soup version 0.28-a0-845-gfc338a8e3c (webtiles) character file.

Game seed: 4151159716226727281

842 Iepvzaeh the Chopper (level 7, -2/61 HPs)
             Began as a Minotaur Fighter on Nov 13, 2021.
             Was a Follower of Okawaru.
             Slain by a two-headed ogre (18 damage)
             ... on level 5 of the Dungeon.
             The game lasted 00:08:05 (5438 turns).

Iepvzaeh the Chopper (Minotaur Fighter)             Turns: 5438, Time: 00:08:06

Health: -2/61      AC:  9    Str: 21    XL:     7   Next: 67%
Magic:  4/6        EV:  9    Int:  5    God:    Okawaru [*.....]
Gold:   241        SH: 15    Dex:  9    Spells: 6/6 levels left

rFire   . . .      SeeInvis +   a - +5 war axe "Suc Ner" {vamp, Str-2 SInv Stlth+}
rCold   . . .      Faith    .   o - +0 tower shield
rNeg    . . .      Spirit   .   y - +0 scale mail
rPois   .          Reflect  .   (helmet restricted)
rElec   .          Harm     .   (no cloak)
rCorr   .          Rampage  .   (no gloves)
Will    .....                   (no boots)
Stlth   ++........              (no amulet)
HPRegen 0.20/turn               (no ring)
MPRegen 0.10/turn               (no ring)

@: heroic
A: horns 2, retaliatory headbutt
a: Renounce Religion, Heroism


You were on level 5 of the Dungeon.
You worshipped Okawaru.
Okawaru was aware of your devotion.
You visited 2 branches of the dungeon, and saw 6 of its levels.

You collected 241 gold pieces.

Inventory:

Hand Weapons
 a - the +5 war axe "Suc Ner" (weapon) {vamp, Str-2 SInv Stlth+}
   (You found it on level 4 of the Dungeon)

   It occasionally heals its wielder for a portion of the damage dealt when it
   wounds a living foe.
   Str:       It affects your strength (-2).
   SInv:      It lets you see invisible.
   Stlth:     It makes you more stealthy.
 b - a +0 hand crossbow
 r - a +0 war axe
Missiles
 h - 77 arrows
 j - 26 poisoned darts (quivered)
 z - 36 bolts
Armour
 c - a +0 buckler
 o - a +0 tower shield (worn)
 y - a +0 scale mail (worn)
Jewellery
 n - an amulet of faith
Wands
 t - a wand of iceblast (7)
 v - a wand of digging (1)
Scrolls
 e - a scroll of blinking {unknown}
 f - a scroll of enchant weapon {unknown}
 g - 4 scrolls of teleportation
 k - a scroll of vulnerability {unknown}
 l - 2 scrolls of enchant armour {unknown}
 m - a scroll of fear {unknown}
 q - 2 scrolls of noise
 A - a scroll of fog {unknown}
Potions
 d - 3 potions of might
 i - a potion of ambrosia {unknown}
 p - a potion of brilliance {unknown}
 s - a potion of heal wounds {unknown}
 u - 2 potions of flight
 w - a potion of degeneration {unknown}
 x - 2 potions of curing {unknown}
 B - a potion of resistance {unknown}


   Skills:
 + Level 5.0(10.0) Fighting
 + Level 6.6(11.6) Axes
 + Level 2.2(7.2) Crossbows
 + Level 1.1(6.1) Throwing
 + Level 6.1(11.1) Armour
 + Level 1.5(6.5) Dodging
 + Level 0.4(5.4) Stealth
 + Level 5.4(10.4) Shields


You had 6 spell levels left.
You didn't know any spells.
Your spell library contained the following spells:

 Spells                   Type           Power      Damage    Failure   Level
 Beastly Appendage        Tmut           0%         N/A       100%        1
 Passwall                 Tmut/Erth      0%         N/A       100%        2
 Wereblood                Tmut           0%         N/A       100%        2
 Spider Form              Tmut/Pois      0%         N/A       100%        3
 Swiftness                Air            0%         N/A       100%        3


Dungeon Overview and Level Annotations

Branches:
Dungeon (5/15)             Temple (1/1) D:4

Altars:
Ashenzari
Cheibriados
Dithmenos
Elyvilon
Fedhas
Gozag
Hepliaklqana
Kikubaaqudgha
Makhleb
Nemelex Xobeh
Okawaru
Qazlal
Ru
Sif Muna
Trog
Uskayaw
Vehumet
Xom
Yredelemnul
Zin


Innate Abilities, Weirdness & Mutations

You have a pair of horns on your head.
You reflexively headbutt those who attack you in melee.


Message History

The ice beast is almost dead.
The ice beast hits you but does no damage.
You slash the ice beast!
You feel better.
You kill the ice beast!
Okawaru accepts your kill.
Your Crossbows skill increases to level 2!
Your Armour skill increases to level 6!
A wyvern skeleton comes into view.
You slash the wyvern skeleton! You headbutt the wyvern skeleton!
The wyvern skeleton is severely damaged.
You hear a shout!
You hear two shouts!
You block the wyvern skeleton's attack. x2
An orc comes into view. It is wielding a +0 flail.
You slice the wyvern skeleton!!
You destroy the wyvern skeleton!
Okawaru accepts your kill.
Your Fighting skill increases to level 5!
A two-headed ogre comes into view.
It is wielding a +0 giant club and a +0 giant spiked club.
You gain the combat prowess of a mighty hero.
You block the two-headed ogre's attack. x2
You hit the two-headed ogre.
The two-headed ogre is lightly wounded.
The two-headed ogre hits you with a +0 giant club!!
The two-headed ogre hits you with a +0 giant spiked club!
You slash the two-headed ogre! You headbutt the two-headed ogre.
The two-headed ogre is moderately wounded.
You block the two-headed ogre's attack. x2
You barely miss the two-headed ogre.
The two-headed ogre is moderately wounded.
You block the two-headed ogre's attack.
The two-headed ogre hits you with a +0 giant spiked club!
* * * LOW HITPOINT WARNING * * *
You slash the two-headed ogre!
You feel better.
The two-headed ogre is moderately wounded.
The two-headed ogre barely misses you. You furiously retaliate!
You headbutt the two-headed ogre. You block the two-headed ogre's attack.
You slice the two-headed ogre!!
The two-headed ogre is severely wounded.
The two-headed ogre hits you with a +0 giant club!!
You die...

....... .##########...........
..##.. ..#.....#............##
..#..### ..#..#..#..#.........##
.......# ...#..#..#..#..........#
#.#.##.##...#..#..#..#.##....##.#
#.#.##.....##.##.##.##.##........
........##.#..#..#..#......#..##.
........# #..#..#..#...##.##.##.
........####..#.@#..#..###.##.##.
..............#..O..#..# #.##.###
######.###.##########..###..#.#
#.##...)......##.......#.##
##.....######.###..####.#..#
#..##.## #.# #...# #.##.##
#.....# #.# #...###..#...
##...### #.####.........##
#..#..#### #.#..........#.#.


You could see a two-headed ogre.

Vanquished Creatures
  A vampire (D:5)
  An ice beast (D:5)
  A black bear (D:5)
  An ogre (D:3)
  A scorpion (D:4)
  A water moccasin zombie (D:5)
  A wyvern skeleton (D:5)
  A jelly (D:5)
  An orc priest (D:3)
  An iguana (D:5)
  An orc wizard (D:3)
  A hound skeleton (D:5)
  6 adders
  A white imp (D:5)
  3 worms
  2 orcs (D:3)
  6 bats
  6 endoplasms
  4 giant cockroaches
  6 goblins
  6 hobgoblins
  3 jackals (D:4)
  4 quokkas (D:1)
  8 ball pythons
  5 frilled lizards
  7 kobolds
  4 rats
83 creatures vanquished.

Vanquished Creatures (others)
  A plant (D:3)
1 creature vanquished.

Grand Total: 84 creatures vanquished

Notes
Turn   | Place    | Note
-------+----------+-------------------------------------------
     0 | D:1      | Iepvzaeh the Minotaur Fighter began the quest for the Orb.
     0 | D:1      | Reached XP level 1. HP: 19/19 MP: 0/0
    82 | D:1      | Reached XP level 2. HP: 20/27 MP: 1/1
   703 | D:1      | Found a faded altar of an unknown god.
   757 | D:1      | Reached XP level 3. HP: 33/33 MP: 2/2
  1667 | D:3      | Reached XP level 4. HP: 17/40 MP: 3/3
  1915 | D:3      | Reached XP level 5. HP: 27/46 MP: 4/4
  3041 | D:4      | Noticed an ogre
  3069 | D:4      | Identified the +5 war axe "Suc Ner" {vamp, Str-2 SInv
                  | Stlth+}
  3080 | D:3      | Killed an ogre
  3081 | D:3      | Reached skill level 5 in Axes
  3081 | D:3      | Reached skill level 1 in Dodging
  3373 | D:4      | Found a staircase to the Ecumenical Temple.
  3389 | Temple   | Entered the Ecumenical Temple
  3487 | Temple   | Became a worshipper of Warmaster Okawaru
  4144 | D:5      | Entered Level 5 of the Dungeon
  4144 | D:5      | Noticed a black bear
  4276 | D:5      | Reached XP level 6. HP: 52/53 MP: 5/5
  4326 | D:5      | Reached skill level 1 in Throwing
  4505 | D:4      | Reached skill level 5 in Armour
  4505 | D:4      | Reached skill level 5 in Shields
  4626 | D:5      | Reached skill level 1 in Crossbows
  4626 | D:5      | Reached XP level 7. HP: 37/60 MP: 6/6
  4754 | D:5      | Found a blossoming altar of Fedhas.
  4756 | D:5      | Found a basalt altar of Yredelemnul.
  4907 | D:5      | Noticed a vampire
  5245 | D:5      | Killed a vampire
  5245 | D:5      | Reached * piety under Okawaru
  5431 | D:5      | Reached skill level 5 in Fighting
  5431 | D:5      | Noticed a two-headed ogre
  5438 | D:5      | Slain by a two-headed ogre

Illustrated notes

Levels and vault maps discovered:
D:1:      minmay_arrival_arboretum_large, layout_loops_corners,
          hellmonk_ecumenical_altar_heavens_door, minmay_misc_feat_chi,
          minmay_pentomino_w2
D:2:      layout_rooms
D:3:      layout_loops_cross, saegor_snake_ambush
D:4:      layout_loops_cross, minmay_temple_entry_offerings, grunt_ministairs_8,
          corexii_corridor_pit
D:5:      minmay_angry_zag, layout_rooms, jmf_multi_god_temple
Temple:   mainiacjoe_temple_bowtie_tessellation

Skill      XL: |  1  2  3  4  5  6  7 |
---------------+----------------------+-----
Shields        | 4 5 |  5.4
Axes           | 3 4 5 6 |  6.6
Armour         | 4 5 6 |  6.1
Fighting       | 4 5 |  5.0
Dodging        | 1 |  1.5
Throwing       | 1 |  1.1
Crossbows      | 1 2 |  2.2
Stealth        | |  0.4

Action                   |  1- 3 |  4- 6 |  7- 9 || total
-------------------------+-------+-------+-------++-------
Melee: War axe           |    92 |    69 |    22 ||   183
       Headbutt          |    13 |     8 |     2 ||    23
 Fire: Hand crossbow     |       |    17 |     6 ||    23
Throw: Dart              |     3 |     3 |       ||     6
Invok: Heroism           |       |       |     1 ||     1
  Use: Scroll            |       |     3 |       ||     3
Armor: Scale mail        |    57 |    28 |     8 ||    93
Dodge: Dodged            |    49 |    26 |     2 ||    77
Block: Buckler           |    25 |     3 |       ||    28
       Tower shield      |       |    35 |    20 ||    55

Table legend: (Time is in decaauts)
 A = Elapsed time spent in this place.
 B = Non-inter-level travel time spent in this place.
 C = Inter-level travel time spent in this place.
 D = Time resting spent in this place.
 E = Time spent auto-exploring this place.
 F = Levels seen in this place.
 G = Mean time per level.
                   A        B        C        D        E       F      G
               +--------+--------+--------+--------+--------+-----+--------+
         Total |   5565 |   5352 |    213 |   1271 |   3292 |   6 |  927.5 |
       Dungeon |   5426 |   5250 |    176 |   1271 |   3207 |   5 | 1085.2 |
        Temple |    139 |    102 |     37 |      0 |     85 |   1 |  139.0 |
               +--------+--------+--------+--------+--------+-----+--------+

Top non-repeatable levels by time:
     D:3: 1664 daAuts
     D:4: 1346 daAuts
     D:1: 1078 daAuts
     D:5: 767 daAuts
     D:2: 569 daAuts
  Temple: 139 daAuts
